 Dungeon Crawl Stone Soup version 0.24.0-13-gcf9b319 (webtiles) character file.

Game seed: 6514261620402267449, levelgen mode: deterministic

373 wrhowe the Skirmisher (level 6, -6/48 HPs)
             Began as a Demonspawn Abyssal Knight on Dec 4, 2019.
             Was a Believer of Lugonu.
             Mangled by Duvessa
             ... wielding a +0 short sword of electrocution
              (18 damage)
             ... on level 5 of the Dungeon on Dec 5, 2019.
             The game lasted 00:32:19 (3236 turns).

wrhowe the Skirmisher (Demonspawn Abyssal Knight)   Turns: 3236, Time: 00:32:19

Health: -6/48      AC:  4    Str: 14    XL:     6   Next: 43%
Magic:  8/8        EV: 17    Int: 14    God:    Lugonu [**....]
Gold:   388        SH:  4    Dex: 17    Spells: 7/7 levels left

rFire    + . .     SeeInvis .   o - +2 quarterstaff (chaos)
rCold    + . .     Gourm    .   (shield currently unavailable)
rNeg     + . .     Faith    .   i - +1 leather armour {rC+}
rPois    .         Spirit   .   (no helmet)
rElec    .         Reflect  .   (no cloak)
rCorr    .         Harm     .   (no gloves)
MR       .....                  (no boots)
Stlth    ++........             (no amulet)
HPRegen  0.16/turn              k - ring of positive energy
MPRegen  0.11/turn              l - ring of fire

@: agile
A: hooves 1, large bone plates 1, cold resistance 1, powered by pain 1
a: Depart the Abyss, Bend Space, Renounce Religion


You were on level 5 of the Dungeon.
You worshipped Lugonu.
Lugonu was pleased with you.
You were not hungry.

You visited 1 branch of the dungeon, and saw 5 of its levels.
You visited the Abyss 1 time.

You collected 388 gold pieces.

Inventory:

Hand Weapons
 a - a +1 spear
 j - a +0 hand axe of freezing
 o - a +2 quarterstaff of chaos (weapon)
 p - a +0 mace
Missiles
 n - 24 poisoned darts (quivered)
 v - 3 atropa-tipped darts
 w - 28 arrows
Armour
 b - a +0 leather armour
 h - a +0 pair of gloves
 i - a +1 leather armour of cold resistance (worn)
 r - a +1 buckler of reflection
 t - a +0 helmet
Jewellery
 k - a ring of positive energy (left hand)
 l - a ring of fire (right hand)
Wands
 m - a wand of acid (7)
 s - a wand of digging (3)
 u - a wand of paralysis (17)
Scrolls
 g - 3 scrolls of remove curse
Potions
 d - a potion of berserk rage
 e - a potion of agility
 f - a potion of curing
 q - a potion of cancellation
Comestibles
 c - 9 rations


   Skills:
 + Level 4.0 Fighting
 * Level 3.5 Polearms
 + Level 1.3 Throwing
 + Level 2.7 Armour
 + Level 1.9 Dodging
 + Level 1.3 Spellcasting
 + Level 3.5 Invocations
 + Level 1.5 Evocations


You had 7 spell levels left.
You didn't know any spells.
Your spell library was empty.

Dungeon Overview and Level Annotations

Branches:
Dungeon (5/15)
 Temple: D:4-7

Altars:

Annotations:
D:5 Dowan, Duvessa


Innate Abilities, Weirdness & Mutations

You have large cloven feet.
You are partially covered in large bone plates. (SH +4)
Your flesh is cold resistant. (rC+)
You sometimes gain a little power by taking damage.


Message History

You miss something. Your kick misses something.
Something hits you but does no damage. x2
You miss something. You kick something. Something hits you.
* * * LOW HITPOINT WARNING * * *
That item cannot be evoked!
That item cannot be evoked!
You barely miss something. You kick something.
Dowan says, "Stay away from my face!"
Something hits you.
* * * LOW HITPOINT WARNING * * *
You feel better.
Dowan casts a spell.
Dowan blinks!
Something hits you but does no damage.
You miss something. You kick something. Dowan misses you.
Something barely misses you.
You hit something but do no damage. Your kick misses something.
Dowan says, "Stay away from my face!"
Dowan barely misses you. Something hits you but does no damage.
You are electrocuted!!
You die...

######.#####.......#
# #.# ######.## #.#
#.# #.# #.# #.# #.#
#.# #.# #. #.#
####e# #.{@.# #.####
#


You could see Dowan.

Vanquished Creatures
  A fire bat (D:3)
  A howler monkey (D:5)
  A bullfrog zombie (D:5)
  Crazy Yiuf (D:2)
  A hound skeleton (D:4)
  Robin (D:4)
  3 gnolls (D:3)
  2 adders
  3 dart slugs
  6 orcs (D:4)
  A ball python (D:1)
  3 bats
  3 giant cockroaches
  9 goblins
  8 hobgoblins
  3 kobolds
  A quokka (D:3)
  3 frilled lizards
  6 rats
57 creatures vanquished.

Notes
Turn   | Place    | Note
-------+----------+-------------------------------------------
     0 | Abyss:1  | wrhowe the Demonspawn Abyssal Knight began the quest for
                  | the Orb.
     0 | Abyss:1  | Reached XP level 1. HP: 18/18 MP: 2/2
    58 | Abyss:1  | Noticed a smoke demon
    59 | D:1      | Escaped the Abyss
   138 | D:1      | Reached * piety under Lugonu
   138 | D:1      | Gained mutation: You are partially covered in large bone
                  | plates. (SH +4) [demonic ancestry]
   138 | D:1      | Reached XP level 2. HP: 15/24 MP: 3/3
   563 | D:2      | Gained mutation: You have large cloven feet. [demonic
                  | ancestry]
   563 | D:2      | Reached XP level 3. HP: 25/29 MP: 4/4
   765 | D:2      | Found a runed translucent door.
   766 | D:2      | Noticed Crazy Yiuf
   774 | D:2      | Killed Crazy Yiuf
   774 | D:2      | Reached skill level 1 in Dodging
  1595 | D:3      | Noticed a fire bat
  1595 | D:3      | a worm changed into a fire bat
  1606 | D:3      | Killed a fire bat
  1606 | D:3      | Reached skill level 1 in Throwing
  1606 | D:3      | Reached skill level 1 in Spellcasting
  1606 | D:3      | Reached skill level 1 in Evocations
  1606 | D:3      | Gained mutation: You sometimes gain a little power by
                  | taking damage. [demonic ancestry]
  1606 | D:3      | Reached XP level 4. HP: 8/37 MP: 6/6
  1606 | D:3      | Gained mutation: Your flesh is cold resistant. (rC+)
                  | [demonic ancestry]
  1606 | D:3      | Reached XP level 5. HP: 9/42 MP: 7/7
  2618 | D:4      | Noticed Robin
  2655 | D:4      | Killed Robin
  2655 | D:4      | Reached XP level 6. HP: 23/48 MP: 8/8
  2797 | D:4      | Reached ** piety under Lugonu
  2918 | D:4      | Reached skill level 4 in Fighting
  3141 | D:5      | Entered Level 5 of the Dungeon
  3223 | D:5      | Noticed Dowan
  3224 | D:5      | Noticed Duvessa
  3233 | D:5      | HP: 1/48 [something (6)]
  3236 | D:5      | Mangled by Duvessa

Levels and vault maps discovered:
D:1:      dpeg_arrival_more_subterranean_lakeside_camping, layout_rooms,
          minmay_tromino_mix6
D:2:      layout_basic, first_ration, uniq_crazy_yiuf_cottage
D:3:      layout_basic
D:4:      layout_layer_cave, uniq_robin
D:5:      layout_loops_ring, minmay_temple_entry_junction, serial_bayou,
          serial_bayou_crossing, serial_bayou_pond_c, serial_bayou_pond_e,
          serial_bayou_pond_d, ashenzari_altar_1, uniq_blork_the_orc,
          uniq_duvessa

Skill      XL: |  1  2  3  4  5  6 |
---------------+-------------------+-----
Polearms       | 2 3 |  3.5
Armour         | 2 |  2.7
Dodging        | 1 |  1.9
Throwing       | 1 |  1.3
Spellcasting   | 1 |  1.3
Invocations    | 3 |  3.5
Evocations     | 1 |  1.5
Fighting       | 4 |  4.0

Action                   |  1- 3 |  4- 6 || total
-------------------------+-------+-------++-------
Melee: Spear             |    80 |       ||    80
       Quarterstaff      |    17 |    84 ||   101
       Kick              |     4 |    12 ||    16
Invok: Depart the Abyss  |     1 |       ||     1
Evoke: Wand              |       |     1 ||     1
  Use: Scroll            |     4 |     3 ||     7
       Potion            |       |     6 ||     6
 Stab: Confused          |       |     2 ||     2
  Eat: Ration            |     1 |     2 ||     3
Armor: Leather armour    |    25 |    19 ||    44
Dodge: Dodged            |    46 |    56 ||   102
Block: Other             |    12 |    28 ||    40
